 Dungeon Crawl Stone Soup version 0.29.1 (webtiles) character file.

Game seed: 13150677495235559306

219 qw the Chopper (level 5, -6/46 HPs)
             Began as a Minotaur Berserker on Sept 13, 2022.
             Was a Believer of Trog.
             Mangled by a gnoll bouda
             ... wielding a +0 club
              (7 damage)
             ... on level 3 of the Dungeon.
             The game lasted 00:00:58 (2542 turns).

qw the Chopper (Minotaur Berserker)                 Turns: 2542, Time: 00:00:59

Health: -6/46      AC:  6    Str: 24    XL:     5   Next: 64%
Magic:  4/4        EV: 11    Int:  4    God:    Trog [**....]
Gold:   130        SH:  0    Dex:  9    Spells: 4/4 levels left

rFire   . . .      SeeInvis .   Y - +1 hand axe
rCold   . . .      Faith    .   (no shield)
rNeg    . . .      Spirit   .   e - +0 ring mail
rPois   .          Reflect  .   h - +1 hat
rElec   .          Harm     .   (no cloak)
rCorr   .          Rampage  .   (no gloves)
Will    .....                   (no boots)
Stlth   ..........              g - amulet of the acrobat
HPRegen 0.15/turn               (no ring)
MPRegen 0.09/turn               (no ring)

@: about to teleport, weakened, on berserk cooldown, slowed, very slow
A: horns 2, retaliatory headbutt
a: Renounce Religion, Berserk, Trog's Hand


You were on level 3 of the Dungeon.
You worshipped Trog.
Trog was pleased with you.
You visited 1 branch of the dungeon, and saw 3 of its levels.

You collected 130 gold pieces.


Innate Abilities, Weirdness & Mutations

You have a pair of horns on your head.
You reflexively headbutt those who attack you in melee.


   Skills:
 - Level 4.1 Fighting
 + Level 7.5 Axes
 - Level 2.4 Armour
 - Level 2.1 Dodging


You had 4 spell levels left.
You didn't know any spells.
Your spell library was empty.

Inventory:

Hand Weapons
 f - a +0 vampiric whip
 Y - a +1 hand axe (weapon)
Armour
 b - a +0 plate armour
 e - a +0 ring mail (worn)
 h - a +1 hat (worn)
 n - a +0 tower shield
Jewellery
 g - an amulet of the acrobat (around neck)
 j - a ring of protection from cold
Scrolls
 a - a scroll of butterflies {unknown}
 i - a scroll of teleportation
 k - a scroll of identify
 l - a scroll of fear {unknown}
 m - a scroll of immolation {unknown}
 o - a scroll of blinking {unknown}
Potions
 c - a potion of heal wounds {unknown}
 d - a potion of ambrosia {unknown}

Dungeon Overview and Level Annotations

Branches:
Dungeon (3/15)

Altars:

Shops:
D:1 =


Message History

You hit the orc. The gnoll hits you with a +0 flail! The orc barely misses you.
The gnoll bouda barks out a call to the hunt!
The gnoll picks up the pace!
You barely miss the gnoll. Your headbutt misses the gnoll.
The gnoll is severely wounded.
You closely miss the orc. The gnoll barely misses you. You furiously retaliate!
You headbutt the gnoll!
You kill the gnoll!
Trog accepts your kill. The orc hits you with a +0 hand axe.
The orc closely misses you. You furiously retaliate!
You headbutt the orc.
You kill the orc!
Trog accepts your kill.
You closely miss the gnoll bouda.
You headbutt the gnoll bouda, but do no damage.
The gnoll bouda barely misses you.
You hit the gnoll bouda.
The gnoll bouda is moderately wounded.
The gnoll bouda barely misses you. You furiously retaliate!
You headbutt the gnoll bouda, but do no damage.
The gnoll bouda barely misses you.
You slash the gnoll bouda! Your headbutt misses the gnoll bouda.
The gnoll bouda is severely wounded.
The gnoll bouda gazes fiercely through you!
You feel your attacks grow feeble.
The gnoll bouda hits you with a +0 club.
You hit the gnoll bouda but do no damage.
The gnoll bouda is severely wounded.
The gnoll bouda gazes fiercely through you!
You feel as though you will be weak longer.
The gnoll bouda hits you with a +0 club.
You hit the gnoll bouda but do no damage.
The gnoll bouda is severely wounded.
The gnoll bouda hits you with a +0 club! x2
2542 ||| READING 2 scrolls of teleportation.
As you read the scroll of teleportation, it crumbles to dust.
You feel strangely unstable.
The gnoll bouda hits you with a +0 club!
You die...

###.#####.##.# .#
..........##.# >#
###.#####.##.# .#
###.#####.##>#####.#####
........).......).......
~~~~~~~~%~~~~~~~%...~~~~
~~~~~~~~~~~~~~~~....~~~~
####~~~~~~~~~~~~....~~~~
.go#...........g@)......
...#############))''####
##+# #....#..) .#
.'....'... .#
..#....#... .#
############ .# .#


You could see a gnoll bouda.

Vanquished Creatures
  11 gnolls
  5 adders
  A worm (D:3)
  A dart slug (D:1)
  5 orcs (D:3)
  3 endoplasms (D:2)
  2 giant cockroaches
  5 goblins
  4 hobgoblins
  4 jackals (D:3)
  2 quokkas
  5 ball pythons
  3 bats
  6 frilled lizards
  4 kobolds
  10 rats
71 creatures vanquished.

Notes
Turn   | Place    | Note
-------+----------+-------------------------------------------
     0 | D:1      | qw the Minotaur Berserker began the quest for the Orb.
     0 | D:1      | Reached XP level 1. HP: 19/19 MP: 0/0
     0 | D:1      | 0 ||| qw: Version: 0.1-a-119-g272c26d
     0 | D:1      | 0 ||| qw: Game counter: 11201
     0 | D:1      | 0 ||| qw: Always use a shield: true
     0 | D:1      | 0 ||| qw: Do Orc after D:15 true
     0 | D:1      | 0 ||| qw: Do second Lair branch before Depths: true
     0 | D:1      | 0 ||| qw: Lair rune preference: random
     0 | D:1      | 0 ||| qw: Plans: Normal
     0 | D:1      | 0 ||| PLANNING D:1-11
    84 | D:1      | 84 ||| Stepping ~*~*~tactically~*~*~ (stealth).
    87 | D:1      | 87 ||| Stepping ~*~*~tactically~*~*~ (stealth).
   114 | D:1      | Reached skill level 4 in Axes
   155 | D:1      | Found a faded altar of an unknown god.
   326 | D:1      | Reached XP level 2. HP: 26/26 MP: 1/1
   555 | D:1      | Found Joifoq's One-of-a-Kind Rings.
   560 | D:1      | 560 ||| SHOPLISTING +4 ring of strength (165 gold, have
                  | 38).
   560 | D:1      | 560 ||| SHOPLISTING +8 ring of dexterity (605 gold, have
                  | 38).
   560 | D:1      | 560 ||| SHOPLISTING +9 ring of strength (858 gold, have
                  | 38).
   560 | D:1      | 560 ||| SHOPLISTING ring of Akhluos {rPois rCorr Int+3
                  | Dex-2 SInv} (372 gold, have 38).
   782 | D:1      | 782 ||| UPGRADING to +0 ring mail.
   792 | D:1      | 792 ||| DROPPING +0 animal skin.
   793 | D:1      | 793 ||| UPGRADING to +1 hat.
   798 | D:1      | 798 ||| UPGRADING to amulet of the acrobat.
   803 | D:1      | 803 ||| READING scroll labelled DYXOUL WENASSA.
   804 | D:1      | 804 ||| READING scroll labelled HECUNY AQOSUAM.
   808 | D:1      | 808 ||| READING scroll labelled IDANGE KUGYKH.
   809 | D:1      | 809 ||| Stepping randomly (stuck).
   810 | D:1      | 810 ||| Stepping ~*~*~tactically~*~*~ (cloud).
   817 | D:1      | HP: 6/26 [poisoned by you (poison gas)]
  1117 | D:2      | 1117 ||| STAIRDANCE
  1124 | D:2      | 1124 ||| Stepping ~*~*~tactically~*~*~ (stealth).
  1129 | D:2      | 1129 ||| Stepping ~*~*~tactically~*~*~ (stealth).
  1165 | D:2      | 1165 ||| Stepping ~*~*~tactically~*~*~ (stealth).
  1258 | D:2      | Reached skill level 5 in Axes
  1258 | D:2      | Reached XP level 3. HP: 31/31 MP: 2/2
  1320 | D:2      | 1320 ||| Stepping ~*~*~tactically~*~*~ (stealth).
  1322 | D:2      | 1322 ||| INVOKING Berserk.
  1330 | D:2      | Reached skill level 6 in Axes
  1330 | D:2      | Reached XP level 4. HP: 39/39 MP: 3/3
  1348 | D:2      | 1348 ||| FLEEEEING.
  1380 | D:2      | 1380 ||| Stepping ~*~*~tactically~*~*~ (stealth).
  1381 | D:2      | 1381 ||| Stepping ~*~*~tactically~*~*~ (stealth).
  1523 | D:2      | Identified the +7 short sword of the Onslaught {venom,
                  | rElec}
  1660 | D:2      | Reached ** piety under Trog
  1893 | D:2      | 1893 ||| READING scroll labelled ZOYRRU FASSIOL.
  1894 | D:2      | 1894 ||| READING scroll labelled LIOXOSSUSEN.
  1932 | D:3      | 1932 ||| Stepping ~*~*~tactically~*~*~ (hiding).
  1936 | D:3      | 1936 ||| INVOKING Berserk.
  1949 | D:3      | Reached skill level 7 in Axes
  1949 | D:3      | Reached XP level 5. HP: 45/45 MP: 4/4
  2173 | D:3      | 2173 ||| Stepping ~*~*~tactically~*~*~ (stealth).
  2177 | D:3      | 2177 ||| Stepping ~*~*~tactically~*~*~ (stealth).
  2184 | D:3      | 2184 ||| Stepping ~*~*~tactically~*~*~ (stealth).
  2369 | D:3      | 2369 ||| INVOKING Berserk.
  2522 | D:3      | 2522 ||| INVOKING Berserk.
  2541 | D:3      | HP: 9/46 [gnoll bouda/+0 club (7)]
  2541 | D:3      | HP: 1/46 [gnoll bouda/+0 club (8)]
  2542 | D:3      | 2542 ||| READING 2 scrolls of teleportation.
  2542 | D:3      | Mangled by a gnoll bouda

Levels and vault maps discovered:
D:1:      matt_arrival_debris, layout_basic,
          shapermc_ecumenical_altar_mp_vishouse, nicolae_shop_unique_rings
D:2:      layout_loops_ring, st_stairs_5, grunt_ministairs_14,
          kennysheep_generic_room_12
D:3:      lemuel_castle_with_subvaults [lemuel_castle_interior_carwin_1],
          layout_loops_ring

Skill      XL: |  1  2  3  4  5 |
---------------+----------------+-----
Axes           | 4 5 6 7 |  7.5
Fighting       | 4 |  4.1
Armour         | |  2.4
Dodging        | |  2.1

Action                   |  1- 3 |  4- 6 || total
-------------------------+-------+-------++-------
Melee: Hand axe          |    50 |    91 ||   141
       Headbutt          |     9 |    12 ||    21
Invok: Berserk           |     1 |     3 ||     4
  Use: Scroll            |     3 |     3 ||     6
Armor: Animal skin       |     2 |       ||     2
       Ring mail         |     3 |    23 ||    26
Dodge: Dodged            |    29 |    36 ||    65

Table legend:
 A = Non-vault XP
 B = Vault XP
 C = Vault XP percentage of total XP
 D = Non-vault monster count
 E = Vault monster count
 F = Vault count percentage of total count
                 A         B        C        D         E       F
            +---------+---------+-------+---------+---------+-------
      Total |     238 |      76 |  24.2 |      52 |      19 |  26.8
            +---------+---------+-------+---------+---------+-------
        D:1 |      19 |       0 |   0.0 |      13 |       0 |   0.0
        D:2 |     119 |      12 |   9.2 |      21 |       7 |  25.0
        D:3 |     100 |      64 |  39.0 |      18 |      12 |  40.0
            +---------+---------+-------+---------+---------+-------
